 Dungeon Crawl Stone Soup version 0.26.0-10-g1f06aea511 (webtiles) character file.

Game seed: 6896165352762329964

77 Dracia the Stinger (level 4, 0/32 HPs)
             Began as a Demonspawn Venom Mage on Jan 17, 2021.
             Succumbed to an adder's poison
             ... on level 2 of the Dungeon.
             The game lasted 00:04:24 (2192 turns).

Dracia the Stinger (Demonspawn Venom Mage)          Turns: 2192, Time: 00:04:25

Health: 0/32       AC:  3    Str:  8    XL:     4   Next: 13%
Magic:  0/7        EV: 12    Int: 17    God:
Gold:   71         SH:  0    Dex: 14    Spells: 1/7 levels left

rFire    . . .     SeeInvis .   c - +0 dagger
rCold    + . .     Faith    .   (no shield)
rNeg     . . .     Spirit   .   f - +0 leather armour
rPois    .         Reflect  .   (no helmet)
rElec    .         Harm     .   (no cloak)
rCorr    .         Rampage  .   (no gloves)
Will     .....                  (no boots)
Stlth    ++........             (no amulet)
HPRegen  0.10/turn              (no ring)
MPRegen  0.10/turn              (no ring)

@: lethally poisoned (0 -> -5)
A: cold resistance 1, sturdy frame 2
a: no special abilities


You were on level 2 of the Dungeon.
You visited 1 branch of the dungeon, and saw 2 of its levels.

You collected 71 gold pieces.


Innate Abilities, Weirdness & Mutations

Your flesh is cold resistant. (rC+)
Your movements are less encumbered by armour. (ER -4)


   Skills:
 + Level 1.0 Fighting
 - Level 1.7 Dodging
 - Level 1.7 Stealth
 - Level 2.0 Spellcasting
 - Level 1.5 Transmutations
 + Level 0.8 Air Magic
 * Level 4.3 Poison Magic


You had one spell level left.
You knew the following spells:

 Your Spells              Type           Power        Failure   Level
m - Mephitic Cloud        Conj/Pois/Air  7%           28%         3
p - Poisonous Vapours     Pois/Air       20%          10%         2
z - Sting                 Tmut/Pois      44%          6%          1

Your spell library contained the following spells:

 Spells                   Type           Power        Failure   Level
 Animate Skeleton         Necr           2%           19%         1
 Apportation              Tloc           2%           19%         1
 Corona                   Hex            1%           19%         1
 Summon Small Mammal      Summ           4%           19%         1
 Ignite Poison            Fire/Tmut/Pois 8%           26%         3
 Olgreb's Toxic Radiance  Pois           16%          32%         4

Inventory:

Hand Weapons
 c - a +0 dagger (weapon)
Armour
 a - a +0 robe
 d - a +0 pair of gloves
 f - a +0 leather armour (worn)
 g - a +0 cloak
Scrolls
 b - 2 scrolls of remove curse {unknown}
 h - a scroll of teleportation {unknown}
 i - a scroll of identify {unknown}
Potions
 e - a potion of magic

Dungeon Overview and Level Annotations

Branches:
Dungeon (2/15)

Altars:

###### # #....#
.##################....#####
.'....(.........@.S........#
.##################........#
. . #........# #.. .
#........#..... .
..##.##........... .
..............#.#. #
...#+####.#.......
###........+...#.#.
#############
#........#......<


You could see a ball python.


Message History

* * * LOW HITPOINT WARNING * * *
The ball python bites you.
* * * LOW HITPOINT WARNING * * *
The ball python grabs you.
* * * LOW HITPOINT WARNING * * *
The ball python constricts you.
Casting: Sting (safe; 6% risk of failure)
Confirm with . or Enter, or press ? or * to list all spells.
Aiming: Sting (safe; 6% risk of failure)
Press: ? - help, Shift-Dir - straight line, f/p - adder
Aim: an adder (severely wounded, 47% to evade)
The sting hits the adder.
The adder is poisoned.
The adder is almost dead.
* * * LOW HITPOINT WARNING * * *
You feel sick. The adder bites you but does no damage. The adder bites you.
* * * LOW HITPOINT WARNING * * *
The ball python bites you.
* * * LOW HITPOINT WARNING * * *
x2 The ball python constricts you.
Okay, then.
You barely miss the adder.
The adder is almost dead.
You kill the adder!
The ball python bites you but does no damage.
* * * LOW HITPOINT WARNING * * *
The ball python constricts you.
Your Fighting skill increases to level 1!
Okay, then.
You escape the ball python's grasp.
You die...

Skill      XL: |  1  2  3  4 |
---------------+-------------+-----
Transmutations | 1 |  1.5
Poison Magic   | 4 |  4.3
Fighting       | 1 |  1.0
Dodging        | |  1.7
Stealth        | |  1.7
Spellcasting   | |  2.0
Air Magic      | |  0.8

Action                   |  1- 3 |  4- 6 || total
-------------------------+-------+-------++-------
Melee: Dagger            |   108 |     1 ||   109
       Unarmed           |     4 |       ||     4
 Cast: Sting             |    49 |     3 ||    52
       Poisonous Vapours |    14 |       ||    14
  Use: Potion            |     3 |       ||     3
Armor: Robe              |     2 |       ||     2
       Leather armour    |    50 |     2 ||    52
Dodge: Dodged            |   125 |     6 ||   131

Levels and vault maps discovered:
D:1:      minmay_arrival_plants_in_alcoves, layout_basic
D:2:      layout_basic, serial_bayou_pond_b, grunt_decor_resistance,
          st_stairs_13, minmay_cut_off

Notes
Turn   | Place    | Note
-------+----------+-------------------------------------------
     0 | D:1      | Dracia the Demonspawn Venom Mage began the quest for the
                  | Orb.
     0 | D:1      | Reached XP level 1. HP: 13/13 MP: 3/3
    46 | D:1      | Reached skill level 1 in Transmutations
   194 | D:1      | Gained mutation: Your movements are slightly less
                  | encumbered by armour. (ER -2) [demonic ancestry]
   194 | D:1      | Reached XP level 2. HP: 15/19 MP: 0/5
   667 | D:1      | Learned a level 2 spell: Poisonous Vapours
   792 | D:1      | Gained mutation: Your flesh is cold resistant. (rC+)
                  | [demonic ancestry]
   792 | D:1      | Reached XP level 3. HP: 24/24 MP: 3/6
  1437 | D:2      | Reached skill level 4 in Poison Magic
  1654 | D:2      | HP: 2/25 [jackal (1)]
  1829 | D:2      | Learned a level 3 spell: Mephitic Cloud
  2174 | D:2      | Gained mutation: Your movements are less encumbered by
                  | armour. (ER -4) [demonic ancestry]
  2174 | D:2      | Reached XP level 4. HP: 23/31 MP: 2/7
  2190 | D:2      | HP: 3/31 [ball python (1)]
  2191 | D:2      | HP: 1/31 [ball python (1)]
  2192 | D:2      | Reached skill level 1 in Fighting
  2192 | D:2      | Succumbed to an adder's poison

Vanquished Creatures
  A gnoll (D:1)
  An adder (D:2)
  An ooze (D:2)
  2 dart slugs
  2 leopard geckos (D:1)
  2 bats (D:2)
  A giant cockroach (D:2)
  3 goblins (D:1)
  4 hobgoblins
  7 jackals (D:2)
  10 kobolds
  5 frilled lizards
  10 rats
49 creatures vanquished.

Vanquished Creatures (others)
  2 plants
2 creatures vanquished.

Grand Total: 51 creatures vanquished

Table legend: (Time is in decaauts)
 A = Elapsed time spent in this place.
 B = Non-inter-level travel time spent in this place.
 C = Inter-level travel time spent in this place.
 D = Time resting spent in this place.
 E = Time spent auto-exploring this place.
 F = Levels seen in this place.
 G = Mean time per level.
                   A        B        C        D        E       F      G
               +--------+--------+--------+--------+--------+-----+--------+
         Total |   2192 |   2124 |     68 |    305 |   1445 |   2 | 1096.0 |
       Dungeon |   2192 |   2124 |     68 |    305 |   1445 |   2 | 1096.0 |
               +--------+--------+--------+--------+--------+-----+--------+

Top non-repeatable levels by time:
     D:1: 1368 daAuts
     D:2: 823 daAuts

Table legend:
 A = Non-vault XP
 B = Vault XP
 C = Vault XP percentage of total XP
 D = Non-vault monster count
 E = Vault monster count
 F = Vault count percentage of total count
                 A         B        C        D         E       F
            +---------+---------+-------+---------+---------+-------
      Total |      94 |      16 |  14.5 |      41 |       8 |  16.3
            +---------+---------+-------+---------+---------+-------
        D:1 |      50 |       0 |   0.0 |      24 |       0 |   0.0
        D:2 |      44 |      16 |  26.7 |      17 |       8 |  32.0
            +---------+---------+-------+---------+---------+-------
